AoeStats
← AOKI_GworK

MegaRandom

503585075Analyzed
1v1 RM · 1mo ago on Sep 1, 2026· 29m 13s· 2 players
Game mode
Random Map
Map size
Tiny (2 player)
Population
200
Speed
Normal
Resources
Standard
Victory
Conquest
Starting age
Dark Age
Ending age
Imperial Age
RankedLock teamsTeams togetherTeam positionsShared explorationLock speedFull tech treeHidden civsTurbo modeCheats
Victory
Defeat
🇹🇷 Bengalis · Türkiye
1822
+15
🇫🇷 Goths · France
1809
-15
AOKI_GworK
7:04 Loom
9:48 Feudal Age
9:55 Man-at-Arms
22:57 Castle Age
21:15 Double-Bit Axe
23:49 Wheelbarrow
23:12 Long Swordsman
24:20 Scale Mail Armor
25:58 Forging
26:42 Squires
Barış Manço
8:14 Loom
10:00 Feudal Age
14:49 Castle Age
13:23 Fletching
20:10 Double-Bit Axe
22:39 Sanctity
25:36 Redemption
25:59 Fervor
29:33 Bodkin Arrow
Connection lost

Rejoining the realm…

Still unreachable

The connection could not be restored.

Session expired

The server has moved on; the page needs a fresh start.